 Dungeon Crawl Stone Soup version 0.29-a0-360-g8ed1089bbe (webtiles) character file.

Game seed: 7311507655408446177

14 ytrimaz the Sneak (level 2, 0/19 HPs)
             Began as an Octopode Brigand on Apr 28, 2022.
             Slain by a quokka (3 damage)
             ... on level 1 of the Dungeon.
             The game lasted 00:00:48 (361 turns).

ytrimaz the Sneak (Octopode Brigand)                 Turns: 361, Time: 00:00:49

Health: 0/19       AC:  1    Str: 10    XL:     2   Next: 41%
Magic:  2/2        EV: 13    Int: 13    God:
Gold:   23         SH:  0    Dex: 17    Spells: 1/1 levels left

rFire   . . .      SeeInvis .   a - +2 dagger
rCold   . . .      Faith    .   (no shield)
rNeg    . . .      Spirit   .   (helmet restricted)
rPois   .          Reflect  .   (no amulet)
rElec   .          Harm     .   (no ring)
rCorr   .          Rampage  .   (no ring)
Will    .....                   (no ring)
Stlth   ++++......              (no ring)
HPRegen 0.06/turn               (no ring)
MPRegen 0.08/turn               (no ring)
                                (no ring)
                                (no ring)

@: no status effects
A: almost no armour, amphibious, 8 rings, camouflage 1, gelatinous body 1,
(nimble swimmer 1), tentacles, agile 2
a: no special abilities


You were on level 1 of the Dungeon.
You visited 1 branch of the dungeon, and saw 1 of its levels.

You collected 23 gold pieces.

Inventory:

Hand Weapons
 a - a +2 dagger (weapon)
Missiles
 b - 9 poisoned darts (quivered)
 c - 3 curare-tipped darts


   Skills:
 - Level 2.0 Fighting
 * Level 2.0 Short Blades
 + Level 2.0 Throwing
 - Level 1.0 Dodging
 * Level 6.2 Stealth


You had one spell level left.
You didn't know any spells.
Your spell library was empty.

Dungeon Overview and Level Annotations

Branches:
Dungeon (1/15)

Altars:


Innate Abilities, Weirdness & Mutations

You cannot wear most types of armour.
You are amphibious.
You can wear up to eight rings at the same time.
Your skin changes colour to match your surroundings (Stealth+).
Your rubbery body absorbs attacks. (AC +1, EV +1)
((You are camouflaged when in or above water. (Stealth+)))
You have tentacles for arms and can constrict up to eight enemies at once.
You are very agile. (Dex +4)


Message History

There are monsters nearby!
The kobold shouts!
The goblin shouts!
The endoplasm quivers.
The endoplasm barely misses you.
You hit the goblin. Your grab misses the goblin.
The goblin is moderately wounded.
A quokka comes into view.
The endoplasm hits you. The goblin hits you with a +0 dagger.
You hit the goblin. Your grab misses the goblin.
Your squeeze misses the goblin.
The goblin is heavily wounded.
The endoplasm barely misses you. The goblin hits you with a +0 dagger.
You hit the goblin.
You kill the goblin!
You hit the quokka. You grab the quokka.
The quokka is lightly wounded.
You constrict the quokka. The endoplasm freezes you.
You are frozen.
The quokka misses you.
You release your grip on the quokka.
The kobold attacks as you move away! The kobold hits you but does no damage.
The quokka attacks as you move away! The quokka barely misses you.
You miss the quokka. You grab the quokka.
The quokka is lightly wounded.
You constrict the quokka. The quokka bites you. x2
* * * LOW HITPOINT WARNING * * *
You are too injured to fight recklessly!
You are too injured to fight recklessly!
Unknown command.
You release your grip on the quokka.
It was a potion of mutation.
You feel extremely strange.
You feel agile. x2
The quokka closely misses you.
You aren't carrying any scrolls.
The quokka barely misses you.
The quokka twitches its whiskers.
The quokka attacks as you move away! The quokka completely misses you.
The quokka closely misses you. The quokka attacks as you move away!
The quokka bites you.
You die...

.........##.....#####
..........##....#...#
........#.......#...#
........##...r....†.#
##########.##K##....#
###..##J###...#
#.........#...#
#######.##...r..#...# #
##.......##...@..#...#
###..########......#...#
##..## #.....(#...#
[...## #........###
).#..### #.[.....##
..##...# ####.#..#
..####.## #.#.##
#.###...# #.#.#
#.....### #.#.#


You could see an endoplasm, 2 quokkas and a kobold.

Vanquished Creatures
  A ball python (D:1)
  A bat (D:1)
  2 endoplasms (D:1)
  2 goblins (D:1)
  2 hobgoblins (D:1)
  A quokka (D:1)
  2 frilled lizards (D:1)
11 creatures vanquished.

Notes
Turn   | Place    | Note
-------+----------+-------------------------------------------
     0 | D:1      | ytrimaz the Octopode Brigand began the quest for the Orb.
     0 | D:1      | Reached XP level 1. HP: 14/14 MP: 1/1
   113 | D:1      | Found a faded altar of an unknown god.
   186 | D:1      | Reached XP level 2. HP: 19/19 MP: 2/2
   191 | D:1      | Reached skill level 6 in Stealth
   350 | D:1      | Gained mutation: You are agile. (Dex +2) [potion of
                  | mutation]
   350 | D:1      | Gained mutation: You are very agile. (Dex +4) [potion of
                  | mutation]
   361 | D:1      | Slain by a quokka

Illustrated notes

Levels and vault maps discovered:
D:1:      psy_arrival_basics, layout_rooms, ebering_ecumenical_altar_rust

Skill      XL: |  1  2 |
---------------+-------+-----
Stealth        | 6 |  6.2
Fighting       | |  2.0
Short Blades   | |  2.0
Throwing       | |  2.0
Dodging        | |  1.0

Action                   || total
-------------------------++-------
Melee: Dagger            ||    23
       Constrict         ||     5
       Punch             ||     3
       Tentacles         ||     2
  Use: Scroll            ||     2
       Potion            ||     1
 Stab: Sleeping          ||     2
Armor: Skin              ||     2
Dodge: Dodged            ||    18

Table legend: (Time is in decaauts)
 A = Elapsed time spent in this place.
 B = Non-inter-level travel time spent in this place.
 C = Inter-level travel time spent in this place.
 D = Time resting spent in this place.
 E = Time spent auto-exploring this place.
 F = Levels seen in this place.
 G = Mean time per level.
                   A        B        C        D        E       F      G
               +--------+--------+--------+--------+--------+-----+--------+
         Total |    358 |    358 |      0 |      0 |    243 |   1 |  358.0 |
       Dungeon |    358 |    358 |      0 |      0 |    243 |   1 |  358.0 |
               +--------+--------+--------+--------+--------+-----+--------+

Top non-repeatable levels by time:
     D:1: 358 daAuts
